 Dungeon Crawl Stone Soup version 0.30-a0-930-gb9d0489357 (webtiles) character file.

Game seed: 9243139693812440403

43 ZappyNine the Sneak (level 3, 0/23 HPs)
             Began as a Kobold Brigand on Mar 23, 2023.
             Shot with a sling bullet by a goblin (4 damage)
             ... on level 2 of the Dungeon.
             The game lasted 00:01:07 (1381 turns).

ZappyNine the Sneak (Kobold Brigand)                Turns: 1381, Time: 00:01:08

Health: 0/23       AC:  3    Str:  8    XL:     3   Next: 82%
Magic:  12/12      EV: 14    Int: 12    God:
Gold:   105        SH:  0    Dex: 18    Spells: 2/2 levels left

rFire   . . .      SeeInvis .    a - +2 dagger
rCold   . . .      Faith    .    (no shield)
rNeg    . . .      Spirit   .    b - +0 robe
rPois   .          Reflect  .    (no helmet)
rElec   .          Rampage  .    c - +0 cloak
rCorr   .                        (no gloves)
Will    .....                    (no boots)
Stlth   ++++                     (no amulet)
HPRegen 0.23/turn                l - ring of magical power
MPRegen 0.13/turn                (no ring)

@: no status effects
A: small, no large weapons, nightstalker 3
a: no special abilities


You were on level 2 of the Dungeon.
You visited 1 branch of the dungeon, and saw 2 of its levels.

You collected 105 gold pieces.

Inventory:

Hand Weapons
 a - a +2 dagger (weapon)
Missiles
 d - 7 poisoned darts (quivered)
Armour
 b - a +0 robe (worn)
 c - a +0 cloak (worn)
Jewellery
 l - a ring of magical power (left hand)
 m - a ring of ice
Scrolls
 f - a scroll of fear {unknown}
 h - a scroll of enchant weapon {unknown}
Potions
 g - a potion of resistance {unknown}
 i - a potion of mutation {unknown}
 j - a potion of flight {unknown}
 k - a potion of degeneration {unknown}


   Skills:
 + Level 3.0 Fighting
 + Level 3.6 Short Blades
 - Level 2.1 Throwing
 - Level 1.2 Dodging
 + Level 6.0 Stealth


You had 2 spell levels left.
You didn't know any spells.
Your spell library contained the following spells:

 Spells                   Type           Power      Damage    Failure   Level
 Portal Projectile        Hex/Tloc       0%         N/A       69%         3
 Tukima's Dance           Hex            0%         N/A       69%         3
 Blade Hands              Tmut           0%         N/A       100%        5


Dungeon Overview and Level Annotations

Branches:
Dungeon (2/15)

Altars:

Shops:
D:1 ?


Innate Abilities, Weirdness & Mutations

You are small and have problems with some larger weapons.
You are completely attuned to the shadows.


Message History

Unknown command.
You hit the hobgoblin.
The hobgoblin is moderately wounded.
The hobgoblin hits you.
* * * LOW HITPOINT WARNING * * *
Unknown command.
Unknown command.
Unknown command.
You hit the hobgoblin but do no damage.
The hobgoblin is moderately wounded.
Unknown command.
Unknown command.
You hit the hobgoblin.
The hobgoblin is heavily wounded.
The hobgoblin hits you but does no damage.
Unknown command.
Unknown command.
You hit the hobgoblin.
You kill the hobgoblin!
The goblin unwields a +0 club.
The goblin wields a +0 sling.
The goblin shoots a sling bullet.
The sling bullet barely misses you.
Unknown command.
Unknown command.
Okay, then.
Throw: 9 darts (poison)
Press: ? - help, Q - select action Shift-Dir - straight line, f - goblin
Aim: a goblin, wielding a +0 sling (56% to hit)
You throw a poisoned dart.
The poisoned dart closely misses the goblin.
Unknown command.
Unknown command.
Throw: 8 darts (poison)
Press: ? - help, Q - select action Shift-Dir - straight line, f/p - goblin
Aim: a goblin, wielding a +0 sling (56% to hit)
You throw a poisoned dart. The poisoned dart hits the goblin.
The goblin is poisoned.
The goblin shoots a sling bullet.
The sling bullet closely misses you.
Unknown command.
The goblin shoots a sling bullet.
The sling bullet hits you.
You die...

###.#######
#...#.....##
##.##..###..#
#..##.## ##.###
#.#...# .#...##
##...### '####..#
##...##)#... ##.#
#....'(g'... #.#
#.##@##.#... ##.#
########.##..###
'####..#
#......##.###...#
g#...##
#......#..#
###.## ##.###
#.........#
#..###..#
#....[....#
##.....##
#...†......
#######
#..........
#..........


You could see a goblin (poisoned).

Vanquished Creatures
  An adder (D:2)
  2 endoplasms (D:1)
  2 giant cockroaches
  11 hobgoblins
  2 jackals (D:1)
  3 ball pythons (D:1)
  3 bats (D:1)
  4 goblins
  A rat (D:1)
29 creatures vanquished.

Notes
Turn   | Place    | Note
-------+----------+-------------------------------------------
     0 | D:1      | ZappyNine the Kobold Brigand began the quest for the Orb.
     0 | D:1      | Reached XP level 1. HP: 12/12 MP: 1/1
   160 | D:1      | Found Wearugue's Magic Scroll Shoppe.
   363 | D:1      | Reached XP level 2. HP: 18/18 MP: 2/2
  1222 | D:2      | Reached XP level 3. HP: 22/22 MP: 3/3
  1375 | D:2      | Reached skill level 6 in Stealth
  1381 | D:2      | Shot with a sling bullet by a goblin

Illustrated notes

Levels and vault maps discovered:
D:1:      roderic_chinese_lattice_arrival, layout_basic, serial_shops, shop
D:2:      cheibrodos_greedy_goblins, layout_basic, minmay_strange_pillars

Skill      XL: |  1  2  3 |
---------------+----------+-----
Short Blades   | 3 |  3.6
Fighting       | 3 |  3.0
Stealth        | 6 |  6.0
Throwing       | |  2.1
Dodging        | |  1.2

Action                     || total
---------------------------++-------
  Melee: Dagger            ||    68
         Punch             ||     1
  Throw: Dart              ||     5
   Stab: Sleeping          ||    11
 Armour: Robe              ||     5
  Dodge: Dodged            ||    42

Table legend: (Time is in decaauts)
 A = Elapsed time spent in this place.
 B = Non-inter-level travel time spent in this place.
 C = Inter-level travel time spent in this place.
 D = Time resting spent in this place.
 E = Time spent auto-exploring this place.
 F = Levels seen in this place.
 G = Mean time per level.
                   A        B        C        D        E       F      G
               +--------+--------+--------+--------+--------+-----+--------+
         Total |   1368 |   1331 |     37 |      0 |   1186 |   2 |  684.0 |
       Dungeon |   1368 |   1331 |     37 |      0 |   1186 |   2 |  684.0 |
               +--------+--------+--------+--------+--------+-----+--------+

Top non-repeatable levels by time:
     D:1: 1072 daAuts
     D:2: 296 daAuts
